 Dungeon Crawl Stone Soup version 0.32-a0-768-g0f6f1dd4b9 (webtiles) character file.

Game seed: 4591263561382731865

11130 Malificent the Cruncher (level 11, -2/85 HPs)
             Began as a Demonspawn Fighter on Mar 18, 2024.
             Was an Initiate of Gozag.
             Slain by a troll simulacrum (7 damage)
             ... in an ice cave.
             The game lasted 00:33:14 (7979 turns).

Malificent the Cruncher (Demonspawn Fighter)        Turns: 7979, Time: 00:33:15

Health: -2/85      AC: 11    Str: 19    XL:     11   Next: 45%
Magic:  11/11      EV: 10    Int:  8    God:    Gozag
Gold:   1001       SH:  4    Dex: 15    Spells: 10/10 levels left

rFire   . . .        A - +4 trident (vamp)
rCold   . . .        (no shield)
rNeg    . . .        C - +1 scale mail "Ulutar" {rPois rCorr}
rPois   +            J - +2 hat
rElec   .            F - scarf {repulsion}
rCorr   +            (gloves unavailable)
SInv    +            (no boots)
Will    .....        (no amulet)
Stlth   +            r - ring of see invisible
HPRegen 0.34/turn    (no ring)
MPRegen 0.12/turn

%: repel missiles
@: no status effects
A: antennae 2, hooves 2, foul stench 1, condensation shield, demonic touch 3
a: Renounce Religion, Potion Petition, Call Merchant, Bribe Branch


You were in an ice cave.
You worshipped Gozag.
Gozag was most pleased with you.
You visited 1 branch of the dungeon, and saw 10 of its levels.
You also visited: Ice Cave.

You collected 1705 gold pieces.
You spent 283 gold pieces at shops.
You paid 421 gold pieces to Gozag.

Inventory:

Hand Weapons
 a - a +0 war axe
 j - a +4 quarterstaff of chaos
 l - a +0 scythe of flaming
 p - a +4 flail of venom
 q - the +7 staff of the Meek {protect, meekguard}
   (You found it on level 4 of the Dungeon)
 w - the +4 short sword "Isseump" {flame, Will+ Str+2}
   (You found it on level 8 of the Dungeon)

   Str+2:     It affects your strength (+2).
   Will+:     It increases your willpower.
 A - a +4 vampiric trident (weapon)
Armour
 b - a +0 scale mail
 c - a +0 buckler
 h - a +2 pair of gloves
 k - a +0 cloak
 B - a +2 robe of resistance
 C - the +1 scale mail "Ulutar" (worn) {rPois rCorr}
   (You bought it in a shop on level 8 of the Dungeon)

   rPois:     It protects you from poison.
   rCorr:     It protects you from acid and corrosion.
 F - a scarf of repulsion (worn)
 J - a +2 hat (worn)
Jewellery
 f - an amulet of faith
 m - a ring of fire
 o - a ring of positive energy
 r - a ring of see invisible (left hand)
 s - an amulet of magic regeneration
 E - a ring of ice
 K - a ring of fire
Talismans
 L - the serpent talisman of Lifelessness {rC- Int+3 Stlth+}
   (You found it on level 10 of the Dungeon)

   [serpent talisman]

   Int+3:     It affects your intelligence (+3).
   rC-:       It makes you vulnerable to cold.
   Stlth+:    It makes you more stealthy.
Wands
 x - a wand of charming (3)
 y - a wand of light (3)
 z - a wand of flame (14) (quivered)
 D - a wand of polymorph (7)
 G - a wand of warping (1)
Scrolls
 n - 4 scrolls of identify
 t - 3 scrolls of teleportation
 u - a scroll of torment
 H - 2 scrolls of immolation
Potions
 e - a potion of mutation
 g - a potion of heal wounds
 i - 10 potions of curing
 v - a potion of lignification
 M - a potion of attraction


   Skills:
 + Level 7.7 Fighting
 + Level 3.6(4.2) Axes
 + Level 2.1(7.2) Maces & Flails
 + Level 2.2(7.2) Polearms
 + Level 10.2(10.4) Staves
 + Level 8.5 Armour
 + Level 4.2 Dodging
 + Level 2.1 Stealth
 + Level 4.2 Shields
 * Level 3.9 Evocations


You had 10 spell levels left.
You didn't know any spells.
Your spell library contained the following spells:

 Spells                   Type           Power      Damage    Failure   Level
 Foxfire                  Conj/Fire      0%         2x1d4     73%         1
 Blink                    Tloc           0%         N/A       86%         2
 Cigotuvi's Dreadful Rot  Necr/Alch/Air  0%         N/A       86%         2
 Ensorcelled Hibernation  Hex/Ice        0%         N/A       86%         2
 Lesser Beckoning         Tloc           0%         N/A       86%         2
 Momentum Strike          Conj/Tloc      0%         3d8       86%         2
 Fugue of the Fallen      Necr           0%         N/A       97%         3
 Gell's Gravitas          Tloc           0%         N/A       97%         3
 Teleport Other           Tloc           0%         N/A       97%         3
 Anguish                  Hex/Necr       0%         N/A       100%        4
 Dispel Undead            Necr           0%         3d6       100%        4
 Leda's Liquefaction      Alch/Erth      0%         N/A       100%        4
 Martyr's Knell           Necr/Summ      0%         N/A       100%        4
 Petrify                  Alch/Erth      0%         N/A       100%        4
 Summon Blazeheart Golem  Fire/Summ      0%         N/A       100%        4
 Metabolic Englaciation   Hex/Ice        0%         N/A       100%        5
 Plasma Beam              Fire/Air       0%         2x1d10    100%        6
 Starburst                Conj/Fire      0%         6d3       100%        6
 Orb of Destruction       Conj           0%         9d5       100%        7
 Spellforged Servitor     Conj/Summ      0%         N/A       100%        7


Dungeon Overview and Level Annotations

Branches:
Dungeon (11/15)              Lair (0/5) D:9           IceCv (1/1)
 Temple: D:4-7          Orc: D:9-12

Altars:
Gozag
Hepliaklqana
Kikubaaqudgha
Vehumet
Beogh

Shops:
D:1 [   D:3 *   D:8 *


Innate Abilities, Weirdness & Mutations

You have a pair of antennae on your head.
You have hoof-like feet.
You may rarely emit foul miasma when damaged in melee.
A meltable shield of frost defends you. (SH +4)
Your touch may irresistibly damage your foes and sap their willpower.


Message History

You hit the polar bear simulacrum.
You kick the polar bear simulacrum, but do no damage.
Your touch misses the polar bear simulacrum.
The polar bear simulacrum is heavily damaged.
A troll simulacrum comes into view.
The polar bear simulacrum bites you. The polar bear simulacrum freezes you!
The polar bear simulacrum claws you. The polar bear simulacrum freezes you!
The polar bear simulacrum claws you but does no damage.
You hit the polar bear simulacrum.
The polar bear simulacrum is severely damaged.
You block the polar bear simulacrum's attack.
The polar bear simulacrum barely misses you. x2
The troll simulacrum bites you! The troll simulacrum freezes you!!
* * * LOW HITPOINT WARNING * * *
The troll simulacrum claws you but does no damage. x2
You feel much better.
Okay, then.
The polar bear simulacrum bites you but does no damage.
The polar bear simulacrum claws you but does no damage. x2
You puncture the troll simulacrum! You kick the troll simulacrum.
The troll simulacrum is severely damaged.
The troll simulacrum closely misses you.
The troll simulacrum claws you. The troll simulacrum freezes you!
* * * LOW HITPOINT WARNING * * *
The troll simulacrum claws you but does no damage.
Unknown command.
You hit the polar bear simulacrum.
The polar bear simulacrum is almost destroyed.
The polar bear simulacrum closely misses you.
You block the polar bear simulacrum's attack.
The polar bear simulacrum claws you.
* * * LOW HITPOINT WARNING * * *
The polar bear simulacrum freezes you!
* * * LOW HITPOINT WARNING * * *
The troll simulacrum bites you but does no damage.
The troll simulacrum claws you.
* * * LOW HITPOINT WARNING * * *
The troll simulacrum freezes you!
You die...
Your body crumbles into a pile of gold.

#####
##.Z.#####
#..Z@...∩##
#.Z#......#
#.$###....#
##.$ ##.#∩#
#.., #####
##.. { #.
#.


You could see a polar bear simulacrum and 2 troll simulacra.

Vanquished Creatures
  Erolcha (D:11)
  2 two-headed ogres
  Urug (D:10)
  Nergalle (D:10)
  A gargoyle (D:10)
  A rime drake (D:11)
  Jeremiah (D:8)
  4 trolls
  3 polar bears (D:11)
  A hornet (D:8)
  A wyvern (D:9)
  A wraith (D:10)
  14 yaks
  3 vampire mosquitoes (D:11)
  Edmund (D:5)
  An acid dragon (D:9)
  2 water moccasins
  2 orc warriors
  3 black bears
  An ogre (D:5)
  A wolf (D:11)
  3 centaurs
  A boggart (D:4)
  A bullfrog (D:8)
  3 scorpions (D:5)
  5 wights (D:9)
  An elephant simulacrum (IceCv)
  6 howler monkeys
  3 hounds
  Crazy Yiuf (D:2)
  3 orc priests
  A gnoll bouda (D:9)
  4 iguanas
  A sleepcap (D:5)
  6 orc wizards
  3 gnolls (D:9)
  9 adders
  A white imp (D:8)
  An ufetubus (IceCv)
  3 dart slugs
  28 orcs
  10 bats
  5 endoplasms
  4 giant cockroaches
  7 goblins
  10 hobgoblins
  10 jackals
  10 kobolds
  4 quokkas
  10 ball pythons
  3 frilled lizards
  7 rats
210 creatures vanquished.

Vanquished Creatures (collateral kills)
  An orc (D:8)
1 creature vanquished.

Vanquished Creatures (others)
  2 yaks (D:8)
  2 gnolls (D:9)
4 creatures vanquished.

Grand Total: 215 creatures vanquished

Notes
Turn   | Place    | Note
-------+----------+-------------------------------------------
     0 | D:1      | Malificent the Demonspawn Fighter began the quest for the
                  | Orb.
     0 | D:1      | Reached XP level 1. HP: 18/18 MP: 1/1
    43 | D:1      | Discovered your monstrous ancestry.
    43 | D:1      | Gained mutation: You have large cloven feet. [demonic
                  | ancestry]
    43 | D:1      | Reached XP level 2. HP: 18/24 MP: 2/2
   101 | D:1      | Found a transporter.
   101 | D:1      | Found Ritegedd's Antique Armour Shop.
   328 | D:1      | Gained mutation: You have hoof-like feet. [demonic
                  | ancestry]
   328 | D:1      | Reached XP level 3. HP: 27/29 MP: 3/3
   360 | D:1      | Found a transporter.
   742 | D:2      | Found a faded altar of an unknown god.
   976 | D:2      | Gained mutation: You have a pair of small antennae on your
                  | head. [demonic ancestry]
   976 | D:2      | Reached XP level 4. HP: 36/36 MP: 4/4
   987 | D:2      | Found an opulent altar of Gozag.
   996 | D:2      | Became a worshipper of Gozag Ym Sagoz the Greedy
  1250 | D:2      | Found a runed translucent door.
  1251 | D:2      | Noticed Crazy Yiuf
  1257 | D:2      | Killed Crazy Yiuf
  1422 | D:3      | Gained mutation: You have a pair of antennae on your head.
                  | [demonic ancestry]
  1422 | D:3      | Reached XP level 5. HP: 10/42 MP: 5/5
  1866 | D:3      | Noticed a black bear
  1869 | D:3      | Killed a black bear
  1870 | D:3      | Reached skill level 1 in Staves
  1870 | D:3      | Reached XP level 6. HP: 48/48 MP: 6/6
  1877 | D:3      | Found an ancient bone altar of Kikubaaqudgha.
  2070 | D:3      | Found Zukh's General Store.
  2164 | D:4      | Noticed a water moccasin
  2180 | D:4      | Reached skill level 2 in Staves
  2188 | D:4      | Killed a water moccasin
  2189 | D:4      | Reached skill level 1 in Dodging
  2341 | D:4      | Noticed Sigmund
  2348 | D:4      | Sigmund changed into Sigmund the boggart
  2348 | D:4      | Noticed Sigmund
  2352 | D:4      | Killed Sigmund the boggart
  2353 | D:4      | Reached skill level 3 in Staves
  2353 | D:4      | Gained mutation: You may rarely emit foul miasma when
                  | damaged in melee. [demonic ancestry]
  2353 | D:4      | Reached XP level 7. HP: 34/54 MP: 7/7
  2510 | D:4      | Found a radiant altar of Vehumet.
  2726 | D:4      | Found a roughly hewn altar of Beogh.
  2726 | D:4      | Found the +7 staff of the Meek {protect, meekguard}
  3130 | D:5      | Entered Level 5 of the Dungeon
  3163 | D:5      | Reached skill level 4 in Staves
  3273 | D:5      | Reached skill level 5 in Armour
  3281 | D:5      | Gained mutation: Your touch may inflict minor irresistible
                  | damage on your foes. [demonic ancestry]
  3281 | D:5      | Reached XP level 8. HP: 59/61 MP: 8/8
  3310 | D:5      | Reached skill level 1 in Stealth
  3400 | D:5      | Reached skill level 5 in Staves
  3571 | D:5      | Noticed Edmund
  3582 | D:5      | Killed Edmund
  3971 | D:5      | Reached skill level 5 in Fighting
  4105 | D:6      | Reached skill level 6 in Staves
  4292 | D:6      | You fall into a shaft and drop 2 floors!
  4310 | D:8      | Identified the +4 short sword "Isseump" {flame, Will+
                  | Str+2}
  4334 | D:8      | Reached skill level 1 in Maces & Flails
  4350 | D:8      | Noticed a hornet
  4356 | D:8      | Gained mutation: Your touch may inflict irresistible damage
                  | on your foes. [demonic ancestry]
  4356 | D:8      | Reached XP level 9. HP: 37/68 MP: 9/9
  4481 | D:8      | Noticed Jeremiah
  4572 | D:8      | Killed Jeremiah
  4610 | D:8      | Reached skill level 7 in Staves
  4666 | D:8      | Paralysed by a hornet for 2 turns
  4920 | D:8      | Found Yluecham's General Store.
  4927 | D:8      | Bought the +1 scale mail "Ulutar" {rPois rCorr} for 283
                  | gold pieces
  4990 | D:8      | Identified the +0 robe of a wizard's laboratory {Slay+2}
  5311 | D:9      | Noticed a troll
  5317 | D:9      | Killed a troll
  5518 | D:9      | Reached skill level 8 in Staves
  5518 | D:9      | Reached skill level 1 in Evocations
  5967 | D:9      | Found a staircase to the Lair.
  6255 | D:9      | Gained mutation: A meltable shield of frost defends you.
                  | (SH +4) [demonic ancestry]
  6255 | D:9      | Reached XP level 10. HP: 58/73 MP: 10/10
  6369 | D:9      | Found a hazy altar of Hepliaklqana.
  6468 | D:10     | Entered Level 10 of the Dungeon
  6468 | D:10     | Noticed Urug
  6482 | D:10     | Killed Urug
  6873 | D:10     | Noticed a gargoyle
  6877 | D:10     | Noticed a two-headed ogre
  6886 | D:10     | Killed a gargoyle
  6890 | D:10     | Killed a two-headed ogre
  6891 | D:10     | Reached skill level 9 in Staves
  7216 | D:10     | Identified the serpent talisman of Lifelessness {rC- Int+3
                  | Stlth+}
  7227 | D:10     | Noticed Nergalle
  7248 | D:10     | Killed Nergalle
  7249 | D:10     | Gained mutation: Your touch may irresistibly damage your
                  | foes and sap their willpower. [demonic ancestry]
  7249 | D:10     | Reached XP level 11. HP: 50/83 MP: 11/11
  7671 | D:11     | Noticed a two-headed ogre
  7672 | D:11     | Noticed Erolcha
  7686 | D:11     | Killed Erolcha
  7687 | D:11     | Reached skill level 10 in Staves
  7693 | D:11     | Killed a two-headed ogre
  7694 | D:11     | Reached skill level 1 in Polearms
  7804 | D:11     | Found a frozen archway.
  7865 | IceCv    | Entered an ice cave
  7979 | IceCv    | Slain by a troll simulacrum

Illustrated notes

Levels and vault maps discovered:
D:1:      dpeg_arrival_shrine, layout_rooms, serial_shops,
          nicolae_shop_drivethru
D:2:      layout_basic, basic_ecumenical_altar, basic_altar,
          uniq_crazy_yiuf_cottage
D:3:      layout_basic, mainiacjoe_overflow_tiny_flanked, serial_shops,
          nicolae_shop_peninsula
D:4:      minmay_general_purpose_star, layout_basic,
          nicolae_vehumet_altar_sigil, pf_guarded_unrand_meek, uniq_sigmund
D:5:      layout_basic, uniq_edmund
D:6:      layout_basic, minmay_temple_entry_tees, minmay_misc_feat_encased
D:8:      layout_basic, serial_shops, nicolae_shop_tiny_real_fake_doors,
          uniq_jeremiah
D:9:      layout_basic, kennysheep_mini_moat, dpeg_oklobed_lair
D:10:     layout_basic, uniq_urug, uniq_nergalle
D:11:     layout_roguey, portal_ice_cave_entry_animals_and_master,
          worldfamousw_hep_ancestral_shrine, uniq_josephine, uniq_erolcha
IceCv:    ice_cave_caverns_03

Skill      XL: |  1  2  3  4  5  6  7  8  9 10 11 |
---------------+----------------------------------+-----
Axes           | 2 3 |  3.6
Armour         | 3 4 5 6 7 8 |  8.5
Shields        | 3 4 |  4.2
Staves         | 1 3 4 6 8 9 10 | 10.2
Fighting       | 4 5 6 7 |  7.7
Dodging        | 1 2 3 4 |  4.2
Stealth        | 1 2 |  2.1
Maces & Flails | 1 2 |  2.1
Evocations     | 1 2 3 |  3.9
Polearms       | 2 |  2.2

Action                     |  1- 3 |  4- 6 |  7- 9 | 10-12 || total
---------------------------+-------+-------+-------+-------++-------
  Melee: War axe           |    96 |     9 |       |       ||   105
         Kick              |    22 |    13 |    60 |    75 ||   170
         Quarterstaff      |       |    80 |   244 |   117 ||   441
         Flail             |       |       |    32 |       ||    32
         Touch             |       |       |     8 |    13 ||    21
         Trident           |       |       |       |    62 ||    62
 Invoke: Potion Petition   |       |       |     1 |       ||     1
  Evoke: Wand              |       |       |    10 |    20 ||    30
    Use: Scroll            |       |     5 |     8 |     4 ||    17
         Potion            |       |     1 |     7 |     6 ||    14
   Stab: Distracted        |       |       |     1 |       ||     1
 Armour: Scale mail        |   111 |    95 |   204 |   146 ||   556
  Dodge: Dodged            |    48 |    38 |   111 |    92 ||   289
         Repelled          |       |       |     4 |     6 ||    10
  Block: Buckler           |    30 |     1 |       |       ||    31
         Other             |       |       |       |    34 ||    34

Table legend: (Time is in decaauts)
 A = Elapsed time spent in this place.
 B = Non-inter-level travel time spent in this place.
 C = Inter-level travel time spent in this place.
 D = Time resting spent in this place.
 E = Time spent auto-exploring this place.
 F = Levels seen in this place.
 G = Mean time per level.
                   A        B        C        D        E       F      G
               +--------+--------+--------+--------+--------+-----+--------+
         Total |   8012 |   7819 |    193 |   1676 |   3846 |  11 |  728.4 |
       Dungeon |   7898 |   7705 |    193 |   1582 |   3846 |  10 |  789.8 |
      Ice Cave |    113 |    113 |      0 |     94 |      0 |   1 |  113.0 |
               +--------+--------+--------+--------+--------+-----+--------+

Top non-repeatable levels by time:
     D:9: 1215 daAuts
     D:2: 1062 daAuts
    D:10: 1057 daAuts
     D:4: 1030 daAuts
     D:5: 941 daAuts
     D:8: 932 daAuts
     D:3: 609 daAuts
     D:1: 497 daAuts
    D:11: 321 daAuts
     D:6: 230 daAuts
   IceCv: 113 daAuts
